[Event "Team 45 45 League T58"]
[Site "Internet Chess Club"]
[Date "2013.09.06"]
[Round "3"]
[White "JWB"]
[Black "RubberDuck"]
[Result "0-1"]
[WhiteElo "1725"]
[BlackElo "1740"]
[Opening "Grünfeld: Spassky variation, main line, 10...cd, 11.cd"]
[ECO "D88"]
[Time "14:30:18"]
[TimeControl "2700+45"]

1. d4 Nf6 2. c4 g6 3. Nc3 d5 4. cxd5 Nxd5 5. e4 Nxc3 6. bxc3 Bg7 7. Bc4 c5 8.
Ne2 O-O 9. Be3 Nc6 10. O-O cxd4 11. cxd4 b6 12. Rc1 Bb7 13. f4 Rc8 14. Qd2 Na5
15. Bd3 e6 16. Rxc8 Qxc8 17. Rc1 Qd7 18. Bb1 Rc8 19. Rxc8+ Qxc8 20. Qc3 Qxc3 21.
Nxc3 Ba6 22. f5 Nc4 23. fxe6 fxe6 24. Bf2 Na3 25. e5 Nxb1 26. Nxb1 Bc4 27. Na3
Bxa2 28. Nb5 a6 29. Nc7 Bc4 30. d5 Bxe5 31. Bxb6 exd5 32. Ne6 Bc3 33. Nd4 a5 34.
Kf2 a4 35. Bc5 a3 {White resigns} 0-1

[Event "Team 45 45 League T58"]
[Site "Internet Chess Club"]
[Date "2013.09.08"]
[Round "3"]
[White "xt"]
[Black "ticopatzer"]
[Result "1-0"]
[WhiteElo "1639"]
[BlackElo "1696"]
[Opening "Petrov: Nimzovich attack"]
[ECO "C42"]
[Time "20:06:00"]
[TimeControl "2700+45"]

1. e4 e5 2. Nf3 Nf6 3. Nxe5 d6 4. Nf3 Nxe4 5. Nc3 Nxc3 6. dxc3 Be7 7. Be3 Nc6 8.
Bc4 O-O 9. Qd2 Bg4 10. O-O-O Bxf3 11. gxf3 Ne5 12. Be2 a5 13. Rhg1 Qd7 14. Bd4
Bf6 15. f4 Ng6 16. Bxf6 gxf6 17. Qd4 Rfe8 18. Bd3 Qd8 19. f5 Kf8 20. fxg6 fxg6
21. Bc4 Kg7 22. h4 Qd7 23. h5 Qf5 24. hxg6 hxg6 25. Bd3 Qh5 26. Rxg6+ {Black
resigns} 1-0

[Event "Team 45 45 League T58"]
[Site "Internet Chess Club"]
[Date "2013.09.08"]
[Round "3"]
[White "julesraider"]
[Black "oldsj"]
[Result "1-0"]
[WhiteElo "1617"]
[BlackElo "1539"]
[Opening "King's Indian: orthodox, Aronin-Taimanov, bayonet attack"]
[ECO "E97"]
[Time "11:04:59"]
[TimeControl "2700+45"]

1. d4 Nf6 2. c4 g6 3. Nc3 Bg7 4. e4 d6 5. Nf3 O-O 6. Be2 e5 7. O-O Nc6 8. d5 Ne7
9. b4 Nh5 10. Ng5 Nf4 11. Re1 Nxe2+ 12. Qxe2 h6 13. Nf3 f5 14. Nd2 f4 15. c5 g5
16. cxd6 cxd6 17. Ba3 g4 18. f3 h5 19. Kh1 Ng6 20. b5 Nh4 21. Nc4 Rf6 22. Rg1
Rg6 23. Raf1 gxf3 24. gxf3 Bh3 25. Rxg6 Nxg6 26. Rg1 Nh4 27. Bxd6 Rc8 28. Bxe5
Rc7 29. d6 Rd7 30. Bxf4 Bg2+ 31. Rxg2 Nxg2 32. Qxg2 Qf6 33. Be5 Qe6 34. Nd5 Kf8
35. f4 Bxe5 36. fxe5 Rg7 37. Qf3+ Rf7 38. Qe2 Qg6 39. Nf6 Qg5 40. Qf1 {Black
forfeits on time} 1-0

[Event "Team 45 45 League T58"]
[Site "Internet Chess Club"]
[Date "2013.09.08"]
[Round "3"]
[White "mongmong"]
[Black "rayngrant"]
[Result "1-0"]
[WhiteElo "1578"]
[BlackElo "1515"]
[Opening "Grünfeld: modern exchange variation"]
[ECO "D90"]
[Time "20:01:49"]
[TimeControl "2700+45"]

1. d4 Nf6 2. Nf3 g6 3. c4 Bg7 4. Nc3 d5 5. cxd5 Nxd5 6. e4 Nxc3 7. bxc3 c5 8.
Rb1 O-O 9. Be2 Qc7 10. O-O cxd4 11. cxd4 Nc6 12. d5 Ne5 13. Nxe5 Bxe5 14. h3 Qa5
15. Qb3 Rb8 16. Kh1 Bd7 17. a3 Ba4 18. Qb4 Qxb4 19. Rxb4 b5 20. Bd1 Bc3 21. Rb1
Bxd1 22. Rxd1 a5 23. Bb2 Rfc8 24. Rdc1 Bxb2 25. Rxc8+ Rxc8 26. Rxb2 Rb8 27. Kg1
Kg7 28. Kf1 Kf6 29. Ke2 Ke5 30. Ke3 g5 31. g3 h5 32. f4+ gxf4+ 33. gxf4+ Kd6 34.
Kd4 f6 35. e5+ fxe5+ 36. fxe5+ Kd7 37. Kc5 Rc8+ 38. Kb6 a4 39. Rxb5 Rc3 40. Ka5
Rxa3 41. Rb7+ Kd8 42. h4 Rh3 43. Kxa4 Rxh4+ 44. Kb5 Re4 45. e6 Kc8 46. Rxe7 Re5
47. Kc5 Kd8 48. Rh7 Ke8 49. Kd6 Rf5 50. Rh8+ Rf8 51. Rxh5 {Black resigns} 1-0

[Event "Team 45 45 League T58"]
[Site "Internet Chess Club"]
[Date "2013.09.07"]
[Round "3"]
[White "justice02"]
[Black "spongenotbob"]
[Result "1/2-1/2"]
[WhiteElo "1795"]
[BlackElo "1851"]
[Opening "Réti opening"]
[ECO "A11"]
[Time "22:00:33"]
[TimeControl "2700+45"]

1. Nf3 d5 2. c4 c6 3. g3 Nf6 4. Bg2 g6 5. O-O Bg7 6. d3 O-O 7. cxd5 cxd5 8. d4
Nc6 9. Nc3 Bf5 10. a3 Ne4 11. e3 Qd7 12. Nxe4 Bxe4 13. Nh4 Bxg2 14. Nxg2 Nd8 15.
Bd2 Ne6 16. h4 h5 17. Bb4 a5 18. Bc3 Nc7 19. a4 Ne8 20. Nf4 Nf6 21. Qb3 Bh6 22.
Kg2 Bxf4 23. exf4 Rfc8 24. f3 Ne8 25. Rfc1 e6 26. Bd2 Nd6 27. Rxc8+ Qxc8 28. Rc1
Nc4 29. Kf2 Qd7 30. Be1 Qd6 31. Qb5 Kg7 32. b3 Qa3 33. Rc2 Nd6 34. Qc5 Qxb3 35.
Rc3 Qb4 36. Qxb4 axb4 37. Rb3 Rxa4 38. Bxb4 Nf5 39. Bc5 Ra2+ 40. Kg1 Nxg3 41.
Rxb7 Ne2+ 42. Kf1 Nxf4 43. Bd6 Nd3 44. Bg3 Ra4 45. Ke2 Rb4 46. Re7 Nb2 47. Be5+
Kf8 48. Rxe6 fxe6 49. Bd6+ Kf7 50. Bxb4 Kf6 51. f4 Kf5 52. Kf3 Nc4 53. Bc3 Nd6
54. Bb4 Ne4 55. Be1 Nd6 56. Bb4 Nb5 57. Bc5 Nc3 58. Bb4 Nd1 59. Be1 Nb2 60. Bc3
Nd3 {Game drawn by mutual agreement} 1/2-1/2

[Event "Team 45 45 League T58"]
[Site "Internet Chess Club"]
[Date "2013.09.10"]
[Round "3"]
[White "Schack"]
[Black "badmove"]
[Result "1-0"]
[WhiteElo "1694"]
[BlackElo "1540"]
[Opening "Trompowsky attack (Ruth, Opocenský opening)"]
[ECO "A45"]
[Time "09:34:43"]
[TimeControl "2700+45"]

1. d4 Nf6 2. Bg5 Ne4 3. Bf4 d5 4. e3 c5 5. Bd3 Nf6 6. c3 Nc6 7. Nd2 cxd4 8. exd4
e5 9. dxe5 Ng4 10. Ngf3 Qb6 11. O-O Qxb2 12. Qc2 Qb6 13. Rab1 Qc7 14. Rfe1 Be6
15. h3 Nf6 16. exf6 Qxf4 17. Rxb7 Qxf6 18. Bb5 Rc8 19. Nd4 Bc5 20. N2b3 Bxd4 21.
Nxd4 O-O 22. Bxc6 Bxh3 23. gxh3 Qg5+ 24. Kf1 Qf4 25. Qf5 Qd2 26. Qf3 Qxa2 27.
Bxd5 Qa6+ 28. c4 Qg6 29. Nc6 Kh8 {Black resigns} 1-0

[Event "Team 45 45 League T58"]
[Site "Internet Chess Club"]
[Date "2013.09.08"]
[Round "3"]
[White "ILRE"]
[Black "jufral"]
[Result "1-0"]
[WhiteElo "1540"]
[BlackElo "1537"]
[Opening "English opening"]
[ECO "A10"]
[Time "10:02:57"]
[TimeControl "2700+45"]

1. c4 g6 2. Nc3 Bg7 3. Nf3 d6 4. g3 e5 5. Bg2 Nf6 6. O-O Nc6 7. d3 O-O 8. Bg5
Ne7 9. Rb1 c6 10. b4 d5 11. cxd5 cxd5 12. Nxe5 Nh5 13. Bxe7 Qxe7 14. d4 Bxe5 15.
Nxd5 Qe6 16. dxe5 Qxe5 17. Ne3 Nf6 18. Qc2 Ng4 19. Qc5 Qxc5 20. bxc5 Nxe3 21.
fxe3 Rb8 22. Bd5 b6 23. c6 Be6 24. e4 Rfd8 25. c7 Bxd5 26. cxb8=Q Rxb8 27. exd5
Rd8 28. Rfd1 f5 29. Rb5 Rd6 30. Rdb1 Kf7 31. a4 Kf6 32. a5 Kg5 33. axb6 axb6 34.
Rxb6 Rxd5 35. Kf2 h5 36. Kf3 Kh6 37. Ra6 Kg7 38. Rbb6 g5 39. Rg6+ Kf7 40. Rxg5
Rb5 41. Rxh5 Rb3+ 42. e3 Kg7 43. Rxf5 Rb1 44. Rc5 Rf1+ 45. Kg4 {Black resigns}
1-0

[Event "Team 45 45 League T58"]
[Site "Internet Chess Club"]
[Date "2013.09.08"]
[Round "3"]
[White "drsigmund1"]
[Black "PaulRichard"]
[Result "1-0"]
[WhiteElo "1602"]
[BlackElo "1555"]
[Opening "Queen's pawn"]
[ECO "A40"]
[Time "19:00:20"]
[TimeControl "2700+45"]

1. d4 e6 2. Nf3 Nf6 3. Bf4 b6 4. e3 Bb7 5. Bd3 c5 6. c3 Be7 7. h3 O-O 8. Nbd2 d6
9. O-O Ba6 10. c4 cxd4 11. exd4 d5 12. b3 dxc4 13. bxc4 Bb7 14. Re1 Nc6 15. Nb3
h6 16. a3 Bd6 17. Ne5 Rc8 18. Be2 Bxe5 19. dxe5 Nd7 20. Bf3 Qc7 21. Qd6 Rfd8 22.
Rad1 Qxd6 23. exd6 Nf6 24. c5 bxc5 25. Nxc5 Ba8 26. Na6 Ne8 27. d7 Rb8 28. Nxb8
Rxb8 29. Bxb8 {Black resigns} 1-0

[Event "Team 45 45 League T58"]
[Site "Internet Chess Club"]
[Date "2013.09.08"]
[Round "3"]
[White "otherook"]
[Black "DouDou"]
[Result "1-0"]
[WhiteElo "1772"]
[BlackElo "1874"]
[Opening "English opening"]
[ECO "A20"]
[Time "15:01:32"]
[TimeControl "2700+45"]

1. c4 e5 2. g3 Nf6 3. Bg2 Nc6 4. Nc3 Bc5 5. e3 O-O 6. Nge2 d6 7. O-O Bf5 8. d4
exd4 9. Nxd4 Bd7 10. Nb3 Bb6 11. Nd5 Nxd5 12. cxd5 Ne5 13. h3 Bb5 14. Re1 Nd3
15. Bf1 Nxe1 16. Bxb5 a6 17. Bf1 Qf6 18. Qxe1 Rfe8 19. Bg2 Re7 20. Qc3 Qg6 21.
Nd4 Rae8 22. b3 Qf6 23. Bb2 Bxd4 24. Qxd4 Qxd4 25. Bxd4 f5 26. Rc1 g6 27. h4 Kf7
28. b4 h6 29. a4 g5 30. hxg5 hxg5 31. b5 axb5 32. axb5 b6 33. Ra1 Kg6 34. Bf1
Rh7 35. Bd3 g4 36. f3 Rh3 37. Kg2 Kg5 38. fxg4 fxg4 39. Rf1 Ra8 40. Rf5+ Kh6 41.
Rf6+ Kh5 42. e4 Ra2+ 43. Bf2 Kg5 44. Rf7 Kg6 45. Rf8 Kg7 46. Rf4 Kh6 47. Rxg4
Rh5 48. Rg8 Kh7 49. Rc8 Rh6 50. Rxc7+ Kg8 51. Rc2 Rxc2 52. Bxc2 Rh7 53. Bd1 Rb7
54. g4 Kg7 55. Kg3 Kg6 56. Be3 Kf6 57. Kf4 Kg6 58. Be2 Rf7+ 59. Kg3 Rb7 60. g5
Re7 61. Bd3 Rd7 62. Kg4 Kg7 63. Bxb6 Rb7 64. Bd4+ Kf7 65. b6 Kg8 66. g6 Rb8 67.
Bb5 Kf8 68. Bc6 Kg8 69. b7 Kf8 70. Ba7 Rd8 71. b8=Q Rxb8 72. Bxb8 Kg8 73. Bxd6
Kg7 74. Kg5 Kg8 75. e5 Kg7 76. e6 Kg8 77. Kh6 Kh8 78. e7 Kg8 79. e8=Q# {Black
checkmated} 1-0

[Event "Team 45 45 League T58"]
[Site "Internet Chess Club"]
[Date "2013.09.08"]
[Round "3"]
[White "hi12980"]
[Black "hondocando"]
[Result "1-0"]
[WhiteElo "1715"]
[BlackElo "1612"]
[Opening "French defense"]
[ECO "C01"]
[Time "20:40:30"]
[TimeControl "2700+45"]

1. e4 e6 2. d4 c5 3. c3 Nc6 4. Nf3 b6 5. Bf4 Bb7 6. Nbd2 g6 7. Bd3 Bh6 8. Bd6
Bf8 9. Bxf8 Kxf8 10. Nb3 d6 11. O-O Kg7 12. Qd2 Nf6 13. Rfe1 Rc8 14. Rad1 Re8
15. dxc5 dxc5 16. Qf4 e5 17. Qh4 Nh5 18. Qg4 Nf6 19. Qh3 Qd7 20. Qh4 Qg4 21.
Qxg4 Nxg4 22. Bb5 f6 23. Rd7+ Re7 24. Bxc6 Rxd7 25. Bxd7 {Black resigns} 1-0

[Event "Team 45 45 League T58"]
[Site "Internet Chess Club"]
[Date "2013.09.07"]
[Round "3"]
[White "crazyhorses"]
[Black "alvin295"]
[Result "1-0"]
[WhiteElo "1461"]
[BlackElo "1308"]
[Opening "Ruy Lopez: 5.O-O"]
[ECO "C78"]
[Time "16:06:40"]
[TimeControl "2700+45"]

1. e4 e5 2. Nf3 Nc6 3. Bb5 a6 4. Ba4 Nf6 5. O-O b5 6. Bb3 Bc5 7. Nxe5 Nxe5 8. d4
Bxd4 9. Qxd4 d6 10. Rd1 Nc6 11. Qd3 O-O 12. Bg5 h6 13. Bh4 Re8 14. f3 Ne5 15.
Qe2 Ng6 16. Bg3 Qd7 17. a4 b4 18. Qc4 a5 19. c3 Ba6 20. Qd4 c5 21. Qxd6 Qxd6 22.
Rxd6 c4 23. Bd1 b3 24. Na3 Red8 25. Rxd8+ Rxd8 26. Be2 Rc8 27. Rd1 Nh5 28. Rd6
Nxg3 29. hxg3 Bb7 30. Bxc4 Ne5 31. Bb5 Kf8 32. c4 Ke7 33. Rb6 Rc7 34. c5 Bc6 35.
Bxc6 Rxc6 36. Rxc6 Nxc6 37. Nc4 Ke6 38. Kf2 f5 39. exf5+ Kd5 40. Nd6 Kxc5 41.
Ne8 Ne5 42. Nxg7 Kc4 43. Ke3 Nd3 44. f6 Nxb2 45. f7 Nd1+ 46. Kd2 b2 47. Kc2
b1=Q+ 48. Kxb1 Nc3+ 49. Kc2 Nxa4 50. f8=Q Nc5 51. Qf4+ Kb5 52. Nf5 a4 53. Kc3
Ka5 54. Qb4+ Ka6 55. Qxc5 Kb7 56. Nd6+ Kb8 57. Qc8+ Ka7 58. Qb7# {Black
checkmated} 1-0

[Event "Team 45 45 League T58"]
[Site "Internet Chess Club"]
[Date "2013.09.10"]
[Round "3"]
[White "Portola"]
[Black "Grenadier"]
[Result "1/2-1/2"]
[WhiteElo "1771"]
[BlackElo "1698"]
[Opening "Queen's pawn: London system"]
[ECO "A45"]
[Time "20:01:44"]
[TimeControl "2700+45"]

1. d4 Nf6 2. Bf4 d6 3. Nf3 Bg4 4. Nbd2 Nbd7 5. Qc1 c5 6. e3 Qa5 7. c3 Nh5 8. Bg5
cxd4 9. exd4 h6 10. Be3 e6 11. h3 Bxf3 12. Nxf3 Be7 13. Bd3 f5 14. Bd2 Qc7 15.
Qc2 g6 16. O-O-O Nhf6 17. Rde1 Kf7 18. Qb3 d5 19. Re2 Bd6 20. Rhe1 Ne4 21. Bxe4
fxe4 22. Ng1 Rae8 23. Kb1 Nf6 24. Be3 a6 25. Rc2 b5 26. Rcc1 Qc4 27. Ne2 g5 28.
Ng3 Qxb3 29. axb3 Rc8 30. b4 Bxg3 31. fxg3 Nh5 32. Rf1+ Ke7 33. g4 Nf6 34. Rf2
Rhf8 35. Rcf1 Nd7 36. Rxf8 Rxf8 37. Rxf8 Nxf8 38. Kc2 Nd7 39. Bf2 Nb6 40. b3 Kf6
41. Bg3 Nd7 42. Kd2 Kg6 43. Ke3 h5 44. gxh5+ Kxh5 45. Bf2 Kg6 46. Bg3 Kf5 47.
Bf2 Nb6 48. g4+ Kf6 49. Bg3 Nd7 50. Ke2 Kg6 51. Ke3 Kf6 {Game drawn by mutual
agreement} 1/2-1/2

[Event "Team 45 45 League T58"]
[Site "Internet Chess Club"]
[Date "2013.09.06"]
[Round "3"]
[White "GoIrish"]
[Black "rubo"]
[Result "1-0"]
[WhiteElo "1630"]
[BlackElo "1678"]
[Opening "Réti opening"]
[ECO "A05"]
[Time "21:00:49"]
[TimeControl "2700+45"]

1. Nf3 Nf6 2. g3 c5 3. Bg2 g6 4. O-O Bg7 5. d3 Nc6 6. e4 d6 7. Nc3 O-O 8. h3 Re8
9. Be3 Bd7 10. Qd2 Qc8 11. Kh2 Rb8 12. Bh6 Bh8 13. Nh4 b5 14. Rab1 b4 15. Ne2
Qa6 16. Nc1 Rb5 17. f4 e6 18. f5 exf5 19. exf5 Ne5 20. Qg5 d5 21. fxg6 hxg6 22.
Rf2 Qd6 23. Ne2 Nh5 24. Nf5 Bf6 25. Nxd6 Bxg5 26. Bxg5 Rb6 27. Nxe8 Bxe8 28.
Rbf1 Rd6 29. g4 Ng7 30. Bf6 Re6 31. Bxg7 Kxg7 32. Bxd5 Re7 33. Nf4 Bd7 34. Be4
Be6 35. Nxe6+ fxe6 36. c3 a5 37. cxb4 axb4 38. a4 bxa3 39. bxa3 Ra7 40. Ra2 Ra4
41. Kg3 g5 42. h4 gxh4+ 43. Kxh4 c4 44. d4 c3 45. dxe5 Rxe4 46. Rc1 Rxe5 47.
Rxc3 Ra5 48. a4 e5 49. Rb3 Kf6 50. Rb6+ Ke7 51. Rb5 {Black resigns} 1-0

[Event "Team 45 45 League T58"]
[Site "Internet Chess Club"]
[Date "2013.09.07"]
[Round "3"]
[White "evan7284"]
[Black "BrerRabbit"]
[Result "1-0"]
[WhiteElo "1734"]
[BlackElo "1465"]
[Opening "Old Indian: Tartakower (Wade) variation"]
[ECO "A41"]
[Time "10:49:38"]
[TimeControl "2700+45"]

1. d4 d6 2. Nf3 Bg4 3. e4 Nf6 4. Bd3 c6 5. c3 e6 6. Bg5 Be7 7. Nbd2 d5 8. e5
Nfd7 9. Bxe7 Qxe7 10. Qc2 h6 11. h3 Bxf3 12. Nxf3 c5 13. O-O O-O 14. Qd2 Nc6 15.
Bc2 Rac8 16. Nh2 cxd4 17. cxd4 Nxd4 18. Qxd4 Rxc2 19. Nf3 Qc5 20. Qa4 Nb8 21. b4
Rc4 22. a3 Qb6 23. Rac1 Qa6 24. Qb3 b5 25. Nd2 Rxc1 26. Rxc1 Rc8 27. Rc3 Nd7 28.
f4 Nb6 29. Rg3 Rc1+ 30. Kh2 Qc8 31. Qe3 Rc7 32. f5 Nc4 33. Qxh6 Qf8 34. Nf3 g6
35. Qxf8+ Kxf8 36. fxg6 fxg6 37. Rxg6 Kf7 38. Rf6+ Ke7 39. Nd4 Nxa3 40. Rxe6+
Kf7 41. Rc6 Rxc6 42. Nxc6 a6 43. g4 Ke6 44. g5 Kf5 45. h4 Nc4 46. Kg3 Nxe5 47.
Nxe5 Kxe5 48. h5 Ke4 49. g6 Ke3 50. g7 d4 51. g8=Q d3 52. Qe6+ {Black resigns}
1-0

[Event "Team 45 45 League T58"]
[Site "Internet Chess Club"]
[Date "2013.09.10"]
[Round "3"]
[White "AlPearson"]
[Black "g8wrb"]
[Result "1-0"]
[WhiteElo "1404"]
[BlackElo "1410"]
[Opening "Nimzo-Indian: classical variation"]
[ECO "E32"]
[Time "08:06:08"]
[TimeControl "2700+45"]

1. d4 Nf6 2. c4 e6 3. Nc3 Bb4 4. Qc2 O-O 5. Nf3 b6 6. Bg5 Bb7 7. e3 d5 8. cxd5
exd5 9. Bd3 h6 10. Bh4 Qd6 11. Bg3 Qe7 12. O-O Nc6 13. Rac1 Bd6 14. a3 Rfe8 15.
b4 Bxg3 16. hxg3 a6 17. Qb3 Rad8 18. Bf5 Qd6 19. Rc2 g6 20. Bd3 Ng4 21. Rfc1 Qe6
22. Bxa6 Bxa6 23. b5 Na5 24. Qa2 Bc8 25. Ne1 Nc4 26. Nd3 Qf5 27. Nf4 Ngxe3 28.
fxe3 Rxe3 29. Ncxd5 Rde8 30. Nxe3 Nxe3 31. Re2 Qe4 32. Rxc7 Qxd4 33. Qxf7+
{Black resigns} 1-0

[Event "Team 45 45 League T58"]
[Site "Internet Chess Club"]
[Date "2013.09.06"]
[Round "3"]
[White "AVEMARIA"]
[Black "Buford-Julep"]
[Result "1-0"]
[WhiteElo "1687"]
[BlackElo "1734"]
[Opening "French: Tarrasch"]
[ECO "C03"]
[Time "11:06:43"]
[TimeControl "2700+45"]

1. e4 e6 2. d4 d5 3. Nd2 Be7 4. Bd3 c5 5. c3 cxd4 6. cxd4 dxe4 7. Nxe4 Nc6 8.
Nf3 Nf6 9. O-O O-O 10. Be3 Ng4 11. a3 e5 12. dxe5 Ncxe5 13. Nxe5 Nxe5 14. Be2
Bf5 15. Ng3 Bg6 16. f4 Nd3 17. f5 Nxb2 18. Qb3 Bf6 19. fxg6 hxg6 20. Rab1 Re8
21. Bf2 Qd2 22. Qxb7 Rac8 23. Bf3 Bd4 24. Ne4 Bxf2+ 25. Nxf2 Qd4 26. Qxb2 {Black
resigns} 1-0

[Event "Team 45 45 League T58"]
[Site "Internet Chess Club"]
[Date "2013.09.14"]
[Round "3"]
[White "LazyPeon"]
[Black "Egmont"]
[Result "1/2-1/2"]
[WhiteElo "1760"]
[BlackElo "1772"]
[Opening "QGD Slav: Dutch variation, main line"]
[ECO "D19"]
[Time "12:00:39"]
[TimeControl "2700+45"]

1. d4 d5 2. c4 c6 3. Nf3 Nf6 4. Nc3 dxc4 5. a4 Bf5 6. e3 e6 7. Bxc4 Bb4 8. O-O
O-O 9. Qe2 Nbd7 10. e4 Bg6 11. Bd3 Qc7 12. Bd2 e5 13. Rac1 Qd6 14. dxe5 Nxe5 15.
Bf4 Nxf3+ 16. Qxf3 Qe6 17. Rfe1 Rad8 18. Bb1 Rfe8 19. Ba2 Qg4 20. Qxg4 Nxg4 21.
h3 Nf6 22. Bg5 Bxc3 23. Rxc3 Rxe4 24. Rxe4 Bxe4 25. Bxf6 gxf6 26. Re3 Rd4 27.
Bb3 f5 28. f3 Rd3 29. Rxd3 Bxd3 30. f4 {Game drawn by mutual agreement} 1/2-1/2

[Event "Team 45 45 League T58"]
[Site "Internet Chess Club"]
[Date "2013.09.15"]
[Round "3"]
[White "Kingofknights"]
[Black "nanning"]
[Result "0-1"]
[WhiteElo "1678"]
[BlackElo "1657"]
[Opening "Grünfeld: 5.e3"]
[ECO "D94"]
[Time "09:30:25"]
[TimeControl "2700+45"]

1. d4 Nf6 2. c4 g6 3. Nc3 d5 4. e3 Bg7 5. Nf3 O-O 6. Be2 c5 7. dxc5 Qa5 8. Bd2
Qxc5 9. Qb3 dxc4 10. Bxc4 Nc6 11. Be2 Be6 12. Qb5 Qb4 13. Qxb4 Nxb4 14. Rc1 Nxa2
15. Nxa2 Bxa2 16. Rc7 Nd5 17. Rxb7 Rfb8 18. Rxb8+ Rxb8 19. O-O Rxb2 20. Rc1 Rb1
21. Rxb1 Bxb1 22. Ba6 Kf8 23. Ba5 Bc3 24. Bxc3 Nxc3 25. Nd4 Nd5 26. Nc6 Nc7 27.
Bc4 a6 28. Kf1 e6 29. g3 Be4 30. Na5 Ke7 31. Ke2 Kd6 32. Kd2 Kc5 33. Be2 h5 34.
f3 Ba8 35. e4 f5 36. exf5 exf5 37. h4 Bd5 {White resigns} 0-1

[Event "Team 45 45 League T58"]
[Site "Internet Chess Club"]
[Date "2013.09.07"]
[Round "3"]
[White "SirIvanhoe"]
[Black "whiskeytown"]
[Result "1-0"]
[WhiteElo "1539"]
[BlackElo "1587"]
[Opening "Pirc defense"]
[ECO "B07"]
[Time "21:03:08"]
[TimeControl "2700+45"]

1. e4 d6 2. d4 Nf6 3. Nc3 g6 4. Be3 Bg7 5. Qd2 c6 6. Nf3 b5 7. Bd3 e5 8. dxe5
dxe5 9. Nxe5 Nxe4 10. Nxf7 Nxd2 11. Nxd8 Nf3+ 12. gxf3 Kxd8 13. O-O-O Kc7 14.
Bf4+ Kb7 15. Be4 Bxc3 16. bxc3 Rf8 17. Bg3 Nd7 18. Rd6 Nb8 19. Rhd1 Bd7 20.
Rxd7+ Nxd7 21. Rxd7+ Kb6 22. Rxh7 {Black resigns} 1-0

[Event "Team 45 45 League T58"]
[Site "Internet Chess Club"]
[Date "2013.09.10"]
[Round "3"]
[White "Jack-ONeill"]
[Black "fledermaus"]
[Result "1/2-1/2"]
[WhiteElo "2069"]
[BlackElo "1974"]
[Opening "Sicilian: modern Scheveningen, main line"]
[ECO "B83"]
[Time "12:25:13"]
[TimeControl "2700+45"]

1. e4 c5 2. Nf3 e6 3. d4 cxd4 4. Nxd4 Nf6 5. Nc3 d6 6. Be2 Be7 7. O-O O-O 8. Be3
Nc6 9. f4 e5 10. fxe5 dxe5 11. Nf5 Bb4 12. Qxd8 Nxd8 13. Nd5 Nxd5 14. exd5 g6
15. a3 Bxf5 16. axb4 Bxc2 17. Bc5 Bb3 18. Bxf8 Kxf8 19. Bf3 Ke7 20. Rfc1 f5 21.
Ra3 e4 22. Rxb3 exf3 23. Rxf3 Kd6 24. Rfc3 Kxd5 25. Rc8 Rxc8 26. Rxc8 Nc6 27.
Rc7 b5 28. Rxh7 Nxb4 29. Rxa7 Nd3 30. Ra3 Kd4 31. Kf1 b4 32. Ra6 Nxb2 33. Rxg6
Nc4 34. Ke2 b3 35. Kd1 Kd3 36. Kc1 f4 37. Rc6 Ne3 38. Kb2 Nxg2 39. Kxb3 f3 40.
Rc3+ Ke2 41. Rxf3 {Game drawn by mutual agreement} 1/2-1/2

[Event "Team 45 45 League T58"]
[Site "Internet Chess Club"]
[Date "2013.09.07"]
[Round "3"]
[White "SaltofLife"]
[Black "Ptzz"]
[Result "1/2-1/2"]
[WhiteElo "1854"]
[BlackElo "2089"]
[Opening "Queen's pawn game"]
[ECO "A46"]
[Time "08:09:15"]
[TimeControl "2700+45"]

1. d4 Nf6 2. Nf3 e6 3. c3 c5 4. Bg5 Qb6 5. Qb3 Ne4 6. Bf4 Nc6 7. e3 d5 8. Nbd2
Nxd2 9. Nxd2 Be7 10. Be2 Bd7 11. O-O O-O 12. Nf3 Rac8 13. Rfd1 Rfd8 14. dxc5
Bxc5 15. Qc2 Be7 16. Bd3 g6 17. Qe2 Bf6 18. Bg5 Bxg5 19. Nxg5 Ne5 20. a4 Nxd3
21. Rxd3 Rc4 22. Rd4 Rdc8 23. Ne4 Kg7 24. a5 Qa6 25. Rxc4 Rxc4 26. Nd2 Rc6 27.
Qxa6 Rxa6 28. Nb3 b6 29. Ra3 Bb5 30. Nd4 Bd7 31. Nb3 Bb5 32. Nd4 Be8 33. b4 bxa5
34. b5 Rb6 35. Rxa5 e5 36. Nf3 Bxb5 37. Rxa7 Be2 38. h3 Bxf3 39. gxf3 Rb1+ 40.
Kg2 Rd1 41. Rd7 Kf6 42. c4 d4 43. c5 Ke6 44. Rd8 Rd2 45. exd4 Rxd4 46. Re8+ Kd5
47. c6 Kxc6 48. Rxe5 Kd6 49. Ra5 h5 50. Ra7 Ke6 51. Ra6+ Kf5 52. Ra7 f6 53. Ra5+
Kf4 54. Rb5 Rd1 55. Ra5 Re1 56. Rb5 Re5 57. Rb6 Rg5+ 58. Kh2 Kxf3 59. Rxf6+ Ke4
60. f4 Rf5 61. Rxg6 Kxf4 62. Rg8 Ra5 63. Rf8+ Kg5 64. Rg8+ Kh4 65. Rg7 Ra2+ 66.
Rg2 Ra3 67. Rg8 Rxh3+ 68. Kg2 Ra3 69. Rg7 Ra2+ 70. Kg1 Kh3 71. Rh7 Ra1+ 72. Kf2
h4 73. Rh8 Ra3 74. Kg1 Ra4 75. Rh7 Rg4+ 76. Kh1 Kg3 77. Ra7 Rb4 78. Ra3+ Kg4 79.
Kh2 Re4 80. Rb3 Re2+ 81. Kg1 h3 82. Ra3 Re4 83. Rb3 Re1+ 84. Kh2 Ra1 85. Rb4+
Kf5 {Game drawn by mutual agreement} 1/2-1/2

[Event "Team 45 45 League T58"]
[Site "Internet Chess Club"]
[Date "2013.09.15"]
[Round "3"]
[White "Holgate"]
[Black "Deckfuel"]
[Result "1/2-1/2"]
[WhiteElo "1999"]
[BlackElo "2001"]
[Opening "Sicilian: Najdorf"]
[ECO "B90"]
[Time "12:00:30"]
[TimeControl "2700+45"]

1. e4 c5 2. Nf3 d6 3. d4 cxd4 4. Nxd4 Nf6 5. Nc3 a6 6. f3 e5 7. Nb3 Be7 8. Be3
Be6 9. Qd2 O-O 10. O-O-O a5 11. Bb5 Qc8 12. Kb1 Nbd7 13. Na4 Bc4 14. Bxd7 Nxd7
15. Nxa5 Bb5 16. Nb6 Nxb6 17. Bxb6 Ra6 18. Qf2 Qa8 19. b4 Rc8 20. Rd5 Bc6 21.
Nxc6 bxc6 22. Ra5 Rb8 23. Ka1 c5 24. Rxa6 Qxa6 25. bxc5 Ra8 26. c3 dxc5 27. Rb1
h6 28. Rb2 Qc4 29. Qc2 Bg5 30. Bc7 Re8 31. Rb8 Rxb8 32. Bxb8 Qf1+ 33. Kb2 Qb5+
34. Qb3 Qe2+ 35. Qc2 Qb5+ {Game drawn by mutual agreement} 1/2-1/2

[Event "Team 45 45 League T58"]
[Site "Internet Chess Club"]
[Date "2013.09.07"]
[Round "3"]
[White "fishhead"]
[Black "Tobiasdelmonte"]
[Result "1-0"]
[WhiteElo "1809"]
[BlackElo "1815"]
[Opening "Alekhine's defense"]
[ECO "B02"]
[Time "12:05:01"]
[TimeControl "2700+45"]

1. e4 Nf6 2. Nc3 d6 3. f4 e5 4. Nf3 Nbd7 5. d4 exd4 6. Qxd4 Be7 7. Be3 O-O 8.
O-O-O a6 9. e5 dxe5 10. fxe5 Bc5 11. Qxc5 Nxc5 12. Rxd8 Rxd8 13. exf6 Ne6 14.
fxg7 Nxg7 15. Bd3 Re8 16. Bg5 c6 17. Ne4 Re6 18. Nf6+ Kh8 19. Nxh7 f5 20. Nf6 b5
21. Nh4 Ne8 22. Nxe8 Rxe8 23. Nxf5 Be6 24. Bf6+ Kg8 25. Nh6+ Kf8 26. Rf1 Bf7 27.
Bg5 Ra7 28. Bg6 Re1+ 29. Rxe1 Bxg6 30. Re6 Kg7 31. g4 Rc7 32. Nf5+ Kf7 33. Rf6+
{Black resigns} 1-0

[Event "Team 45 45 League T58"]
[Site "Internet Chess Club"]
[Date "2013.09.09"]
[Round "3"]
[White "Chess-Dream"]
[Black "MeWantCookie"]
[Result "0-1"]
[WhiteElo "2123"]
[BlackElo "2021"]
[Opening "Réti opening"]
[ECO "A04"]
[Time "11:56:45"]
[TimeControl "2700+45"]

1. Nf3 b6 2. d4 Bb7 3. c4 e6 4. Nc3 Bb4 5. e3 Bxc3+ 6. bxc3 f5 7. Bd3 Nf6 8. O-O
Ne4 9. Nd2 O-O 10. f3 Nxd2 11. Bxd2 c5 12. Qe2 Nc6 13. Rab1 d6 14. f4 Na5 15. e4
fxe4 16. Bxe4 Bxe4 17. Qxe4 Qd7 18. d5 exd5 19. cxd5 Rae8 20. Qd3 Qf5 21. Rf3
Qxd3 22. Rxd3 Nc4 23. Rf1 Re2 24. Rf2 Rxf2 25. Kxf2 Nxd2 26. Rxd2 Rxf4+ 27. Ke3
Rf5 28. c4 Kf7 29. a4 Rf1 30. a5 Rb1 31. axb6 axb6 32. Ra2 Rb3+ 33. Ke4 Kf6 34.
Rf2+ Kg6 35. Rf8 Rc3 36. Rd8 Rxc4+ 37. Kf3 Kf5 38. Rxd6 b5 39. Rd7 Ke5 40. Rxg7
b4 41. Rxh7 Rc3+ 42. Ke2 Kxd5 43. Rd7+ Kc4 44. Rd2 b3 45. h4 Rc1 46. h5 Rh1 47.
g4 Kc3 48. Rd3+ Kc2 49. Rd2+ Kc1 50. Rd5 c4 51. Rc5 Rh2+ 52. Ke1 Rc2 53. Rd5 c3
54. g5 Rh2 55. g6 Rh1+ 56. Kf2 b2 57. g7 b1=Q 58. g8=Q Qb2+ 59. Ke3 Rh3+ 60. Kd4
Qb6+ 61. Ke4 Qe3+ {White resigns} 0-1